 Dungeon Crawl Stone Soup version 0.22.1-2-g9c5b331 (webtiles) character file.

6173 MalarOregon the Transmogrifier (level 10, -6/77 HPs)
             Began as a Merfolk Transmuter on Dec 1, 2018.
             Was a Follower of Ashenzari.
             Mangled by a komodo dragon (26 damage)
             ... on level 1 of the Lair of Beasts.
             The game lasted 00:28:30 (10611 turns).

MalarOregon the Transmogrifier (MfTm)              Turns: 10611, Time: 00:28:31

Health: -6/77      AC:  2    Str: 10    XL:     10   Next: 91%
Magic:  17/17      EV: 29    Int: 16    God:    Ashenzari [*.....]
Gold:   62         SH:  0    Dex: 24    Spells: 5/19 levels left

rFire    . . .     SeeInvis .     - Unarmed
rCold    . . .     Gourm    .   (shield currently unavailable)
rNeg     . . .     Faith    .   (armour currently unavailable)
rPois    x         Spirit   .   (helmet currently unavailable)
rElec    .         Reflect  .   (cloak currently unavailable)
rCorr    .         Harm     .   (gloves currently unavailable)
MR       +....                  (boots currently unavailable)
Stlth    ++........             (no amulet)
HPRegen  0.22/turn              l - ring of protection from magic
MPRegen  0.15/turn              j - +4 ring of dexterity

@: spider-form (expiring)
A: tiny, (change form in water), (swift swim), (stealthy swim)
a: End Transformation, Curse Item, Scrying, Renounce Religion


You were on level 1 of the Lair of Beasts.
You worshipped Ashenzari.
Ashenzari was aware of your devotion.
You were not hungry.
You were a venomous arachnid creature.
You visited 3 branches of the dungeon, and saw 11 of its levels.

You collected 408 gold pieces.
You spent 346 gold pieces at shops.

Inventory:

Hand Weapons
 y - a cursed +1 trident (melded)
   (You found it on level 3 of the Dungeon)
Missiles
 a - 183 arrows
 D - 2 throwing nets (quivered) {!f}
Armour
 b - a +0 cloak (melded)
   (You took it off Crazy Yiuf on level 2 of the Dungeon)
 h - a +0 pair of gloves (melded)
   (You found it on level 1 of the Dungeon)
 i - the cursed +1 robe of Omission (melded) {Str+2}
   (You bought it in a shop on level 5 of the Dungeon)

   It affects your strength (+2).
   It has a curse placed upon it.
 m - a cursed +0 buckler (melded)
   (You bought it in a shop on level 5 of the Dungeon)
 r - a cursed +2 helmet of intelligence (melded)
   (You found it on level 4 of the Dungeon)
 C - a +0 pair of boots (melded)
   (You found it on level 7 of the Dungeon)
Magical Staves
 d - an uncursed staff of cold
   (You found it on level 8 of the Dungeon)
Jewellery
 j - a +4 ring of dexterity (right front leg)
   (You found it on level 6 of the Dungeon)
 k - an uncursed ring of positive energy
   (You found it on level 4 of the Dungeon)
 l - a ring of protection from magic (left front leg)
   (You found it on level 7 of the Dungeon)
Wands
 c - a wand of disintegration (6)
   (You found it on level 9 of the Dungeon)
 t - a wand of flame (17)
   (You took it off a big kobold on level 9 of the Dungeon)
 u - a wand of paralysis (10)
   (You found it on level 9 of the Dungeon)
 v - a wand of digging (17)
   (You found it on level 6 of the Dungeon)
 x - a wand of acid (9)
   (You found it on level 5 of the Dungeon)
 F - a wand of polymorph (18)
   (You found it on level 8 of the Dungeon)
Scrolls
 q - a scroll of fear
 s - a scroll of magic mapping
 z - a scroll of blinking
 G - a scroll of remove curse {@r2}
 I - 3 scrolls of teleportation {@r4}
Potions
 f - 2 potions of cancellation
 g - a potion of might
 n - 3 potions of heal wounds {@q2}
 o - a potion of brilliance
 p - 5 potions of resistance
 w - 2 potions of berserk rage
 A - 2 potions of ambrosia
 B - a potion of mutation {!q}
 E - 11 potions of curing {@q1}
 H - a potion of degeneration {unknown}
Comestibles
 e - 24 rations {!d}


   Skills:
 * Level 6.8 Fighting
 + Level 4.0 Polearms
 + Level 2.9 Armour
 + Level 7.4 Dodging
 * Level 3.9 Shields
 * Level 7.6 Unarmed Combat
 + Level 5.1 Spellcasting
 * Level 8.7 Transmutations
 + Level 4.0 Ice Magic
 + Level 4.5 Poison Magic
 + Level 2.7 Evocations


You had 5 spell levels left.
You knew the following spells:

 Your Spells              Type           Power        Failure   Level  Hunger
a - Blade Hands           Tmut           ####......   28%         5    ######.
c - Ice Form              Ice/Tmut       ###.....     26%         4    ####...
s - Sticks to Snakes      Tmut           ####....     4%          2    #......
x - Spider Form           Tmut/Pois      ####......   11%         3    ###....

Your spell library contained the following spells:

 Spells                   Type           Power        Failure   Level  Hunger
 Beastly Appendage        Tmut           ####..       3%          1    None
 Flame Tongue             Conj/Fire      #....        34%         1    None
 Infusion                 Chrm           #...         34%         1    None
 Shroud of Golubria       Chrm/Tloc      #.........   43%         2    #......
 Song of Slaying          Chrm           #.......     43%         2    #......
 Throw Flame              Conj/Fire      #.....       43%         2    #......
 Conjure Flame            Conj/Fire      #.......     63%         3    ###....
 Inner Flame              Hex/Fire       #.......     63%         3    ###....
 Regeneration             Chrm/Necr      #.........   63%         3    ###....
 Spectral Weapon          Hex/Chrm       #.......     63%         3    ###....
 Sticky Flame             Conj/Fire      #.......     94%         4    ####...
 Fireball                 Conj/Fire      #.........   99%         5    ######.


Dungeon Overview and Level Annotations

Branches:
Dungeon (9/15)             Temple (1/1) D:6            Lair (1/6) D:9
    Orc: D:9-12

Altars:
Ashenzari
Cheibriados
Dithmenos
Elyvilon
Fedhas
Gozag
Hepliaklqana
Kikubaaqudgha
Makhleb
Nemelex Xobeh
Okawaru
Qazlal
Ru
Sif Muna
Trog
Uskayaw
Vehumet
Wu Jian
Xom
Yredelemnul
Zin
The Shining One

Shops:
D:4 :   D:5 %}[(

Annotations:
D:4 3 runed doors, Labyrinth's ghost, amateur DrFE
D:9 3 runed doors, 1player's ghost, novice GnWn


Message History

The blink frog blinks!
The blink frog completely misses you.
You barely miss the blink frog. The blink frog misses you.
You hit the blink frog.
The blink frog is poisoned.
The blink frog completely misses you.
You hit the blink frog.
You kill the blink frog!
Your Ice Magic skill increases to level 4!
The blink frog misses you.
You bite the blink frog!
The blink frog looks as sick as possible!
The blink frog barely misses you.
You hit the blink frog.
The blink frog looks as sick as possible!
The blink frog misses you. The blink frog closely misses you.
A komodo dragon comes into view.
The komodo dragon hisses angrily.
You bite the blink frog!
The blink frog is poisoned.
The blink frog misses you. The blink frog hits you!
* * * LOW HITPOINT WARNING * * *
The blink frog blinks!
You closely miss the blink frog. The blink frog misses you.
The blink frog blinks!
You hit the blink frog but do no damage.
The blink frog misses you. The blink frog completely misses you.
You miss the blink frog.
The blink frog blinks!
The blink frog completely misses you.
You eat one of the 25 rations {!d}.
That ration really hit the spot!
A blink frog comes into view.
The blink frog completely misses you.
The blink frog gives a loud, deep croak!
You hit the blink frog.
The blink frog looks as sick as possible!
The blink frog blinks!
You cannot enter water in your current form.
You enter the shallow water.
Moving in this stuff is going to be slow.
The blink frog blinks!
The komodo dragon bites you.
* * * LOW HITPOINT WARNING * * *
The blink frog blinks! x2
You cannot enter water in your current form.
The blink frog blinks! x2
The komodo dragon completely misses you.
Your transformation is almost over.
You kill the blink frog!
Your Polearms skill increases to level 4!
The blink frog blinks!
The blink frog completely misses you.
You cannot enter water in your current form.
The komodo dragon barely misses you. The blink frog completely misses you.
The komodo dragon bites you!!
You die...

.....$............
.................#
♣...............P
♣...............P
♣...............#
♣♣....†.†........
♣.........†..#...
♣..≈≈≈≈≈≈≈F.##
♣...≈≈≈≈≈†ls.#
...≈≈≈≈≈≈≈≈≈.#
...≈≈≈≈≈.≈≈≈.#
...≈≈≈≈<.≈≈≈.#
...≈≈≈.≈.≈≈≈≈#
..≈≈≈≈≈≈≈≈≈≈.#
...≈≈≈≈≈≈≈≈≈.#
[...≈≈≈≈≈≈....#
.........≈...##


You could see a komodo dragon and a blink frog.

Vanquished Creatures
  Harold (D:8)
  An anaconda (D:8)
  Erica (D:8)
  Psyche (D:8)
  5 blink frogs (Lair:1)
  A wyvern (D:8)
  A water moccasin (D:9)
  A black bear (D:9)
  4 ice beasts
  A sky beast (D:5)
  2 necrophages
  6 centaurs
  A big kobold (D:9)
  2 bullfrogs
  A water moccasin skeleton (D:4)
  3 scorpions
  2 howler monkeys (D:7)
  4 crimson imps
  A bullfrog zombie (D:5)
  A centaur zombie (D:5)
  A bullfrog skeleton (D:6)
  4 orc priests
  A hound (D:4)
  Crazy Yiuf (D:2)
  5 orc wizards
  A centaur skeleton (D:4)
  Jessica (D:3)
  2 iguanas
  2 worker ants
  A hound skeleton (D:5)
  A worker ant zombie (D:5)
  3 gnolls (D:5)
  7 adders
  2 shadow imps
  2 adder skeletons
  An adder zombie (D:8)
  4 worms
  A dart slug (D:1)
  5 leopard geckos
  26 orcs
  7 giant cockroaches
  4 goblins
  13 hobgoblins
  14 jackals
  8 kobolds
  5 quokkas
  4 bats
  7 frilled lizards
  A leopard gecko skeleton (D:7)
  2 quokka skeletons
  8 rats
184 creatures vanquished.

Notes
Turn   | Place    | Note
-------+----------+-------------------------------------------
     0 | D:1      | MalarOregon the Merfolk Transmuter began the quest for the
                  | Orb.
     0 | D:1      | Reached XP level 1. HP: 15/15 MP: 3/3
   224 | D:1      | Reached XP level 2. HP: 12/21 MP: 3/5
   237 | D:1      | Learned a level 2 spell: Sticks to Snakes
   568 | D:1      | Reached skill level 3 in Transmutations
   700 | D:1      | Reached XP level 3. HP: 25/26 MP: 6/6
   705 | D:1      | Learned a level 3 spell: Spider Form
  1449 | D:2      | You fall through a shaft for 2 floors!
  1471 | D:4      | Reached XP level 4. HP: 12/33 MP: 1/7
  1675 | D:4      | Found Sex Wox's Book Emporium.
  1733 | D:4      | Reached skill level 1 in Poison Magic
  1733 | D:4      | Reached XP level 5. HP: 36/38 MP: 2/9
  1839 | D:4      | Noticed Labyrinth's ghost (amateur DrFE)
  1843 | D:4      | Found a runed gate.
  1843 | D:4      | Found a runed gate.
  2035 | D:3      | Noticed Jessica
  2047 | D:3      | Killed Jessica
  2059 | D:3      | Reached skill level 4 in Transmutations
  2111 | D:3      | Reached skill level 1 in Armour
  2158 | D:3      | Reached XP level 6. HP: 41/46 MP: 5/10
  2483 | D:2      | Found a blossoming altar of Fedhas.
  2770 | D:2      | Found a runed door.
  2774 | D:2      | Noticed Crazy Yiuf
  2782 | D:2      | Killed Crazy Yiuf
  2870 | D:3      | Learned a level 4 spell: Ice Form
  3306 | D:4      | Found a runed gate.
  3775 | D:5      | Entered Level 5 of the Dungeon
  3796 | D:5      | Reached XP level 7. HP: 41/52 MP: 7/11
  4037 | D:5      | Reached skill level 1 in Ice Magic
  4089 | D:5      | Reached skill level 5 in Dodging
  4089 | D:5      | Reached skill level 5 in Transmutations
  4143 | D:5      | Found Logiyqyl's Gadget Shop.
  4143 | D:5      | Found Beleuq's Weapon Shop.
  4145 | D:5      | Found Cowk's Food Shop.
  4145 | D:5      | Found Kaip Gipt's Antique Armour Shop.
  4155 | D:5      | Bought a transparent robe for 142 gold pieces
  4155 | D:5      | Bought an embroidered robe for 92 gold pieces
  4185 | D:5      | Identified the +1 robe of Omission {Str+2} (You bought it
                  | in a shop on level 5 of the Dungeon)
  4247 | D:5      | Reached skill level 5 in Unarmed Combat
  4650 | D:5      | Reached XP level 8. HP: 60/60 MP: 9/13
  5531 | D:6      | Reached skill level 6 in Transmutations
  5538 | D:6      | Learned a level 5 spell: Blade Hands
  5680 | D:6      | Found a staircase to the Ecumenical Temple.
  5729 | Temple   | Entered the Ecumenical Temple
  6699 | D:7      | Reached skill level 1 in Polearms
  6699 | D:7      | Reached XP level 9. HP: 62/67 MP: 11/15
  6837 | D:7      | Found a snail-covered altar of Cheibriados.
  7053 | D:5      | Bought a buckler for 112 gold pieces
  7158 | D:7      | Found a shattered altar of Ashenzari.
  7161 | D:7      | Became a worshipper of Ashenzari the Shackled
  7500 | D:7      | Reached skill level 5 in Fighting
  7500 | D:7      | Reached skill level 1 in Evocations
  7643 | D:8      | Noticed Psyche
  7658 | D:8      | Killed Psyche
  7658 | D:8      | Reached skill level 1 in Shields
  7841 | D:8      | Reached skill level 7 in Transmutations
  8178 | D:8      | Noticed Harold
  8220 | D:8      | Killed Harold
  8588 | D:8      | Found a burning altar of Makhleb.
  8590 | D:8      | Found a glowing silver altar of Zin.
  8590 | D:8      | Noticed a balrug
  8590 | D:8      | Noticed an angel
  8619 | D:8      | Found a burning altar of Makhleb.
  8659 | D:8      | Reached XP level 10. HP: 62/76 MP: 15/17
  8979 | D:8      | Noticed Erica
  8994 | D:8      | Killed Erica
  9263 | D:8      | Found a glowing golden altar of the Shining One.
  9351 | D:9      | Noticed a two-headed ogre
  9356 | D:9      | Noticed an anaconda
  9356 | D:9      | a two-headed ogre changed into an anaconda
  9380 | D:8      | Killed an anaconda
  9380 | D:8      | Reached skill level 8 in Transmutations
  9649 | D:9      | Found a runed gate.
  9649 | D:9      | Found a runed gate.
  9649 | D:9      | Found a runed gate.
  9656 | D:9      | Noticed 1player's ghost (novice GnWn)
  9698 | D:9      | Found a staircase to the Lair.
 10033 | D:9      | Reached * piety under Ashenzari
 10099 | D:9      | Reached skill level 5 in Spellcasting
 10562 | Lair:1   | Entered Level 1 of the Lair of Beasts
 10611 | Lair:1   | Mangled by a komodo dragon

Skill      XL: |  1  2  3  4  5  6  7  8  9 10 |
---------------+-------------------------------+-----
Transmutations | 3 4 5 6 7 8 |  8.7
Dodging        | 3 4 5 6 7 |  7.4
Fighting       | 2 3 4 5 6 |  6.8
Unarmed Combat | 4 5 6 7 |  7.6
Poison Magic   | 1 2 3 4 |  4.5
Armour         | 1 2 |  2.9
Spellcasting   | 3 4 5 |  5.1
Ice Magic      | 1 2 3 4 |  4.0
Polearms       | 1 2 4 |  4.0
Evocations     | 1 2 |  2.7
Shields        | 2 3 |  3.9

Action                   |  1- 3 |  4- 6 |  7- 9 | 10-12 || total
-------------------------+-------+-------+-------+-------++-------
Melee: Unarmed           |    94 |   162 |   290 |   100 ||   646
       Headbutt          |     2 |     1 |       |       ||     3
       Punch             |     1 |       |     1 |       ||     2
       Trident           |       |       |    18 |    28 ||    46
 Cast: Beastly Appendage |     5 |     1 |       |       ||     6
       Spider Form       |     4 |    21 |    31 |    10 ||    66
Invok: Curse Item        |       |       |     3 |       ||     3
Evoke: Wand              |       |       |       |     3 ||     3
  Use: Scroll            |       |       |    18 |     3 ||    21
       Potion            |       |       |       |     2 ||     2
 Stab: Sleeping          |       |     2 |     6 |     2 ||    10
  Eat: Chunk             |     2 |    11 |    18 |     5 ||    36
       Ration            |       |       |       |     1 ||     1
Armor: Robe              |     9 |    10 |    21 |     5 ||    45
       Skin              |     6 |     1 |     8 |     2 ||    17
Dodge: Dodged            |    79 |   122 |   245 |   168 ||   614
Block: Buckler           |       |       |     1 |     7 ||     8
